 Dungeon Crawl Stone Soup version 0.27-a0-46-g34d46f0a3f (webtiles) character file.

Game seed: 2939132752460986895

569 Borgoz the Cudgeller (level 7, -7/58 HPs)
             Began as a Ghoul Gladiator on Jan 7, 2021.
             Mangled by a mummy (8 damage)
             ... in an ossuary.
             The game lasted 00:06:34 (3938 turns).

Borgoz the Cudgeller (Ghoul Gladiator)              Turns: 3938, Time: 00:06:34

Health: -7/58      AC: 15    Str: 18    XL:     7   Next: 33%
Magic:  6/6        EV:  7    Int:  3    God:
Gold:   273        SH:  0    Dex: 12    Spells: 6/6 levels left

rFire    . . .     SeeInvis .   a - +0 flail
rCold    + . .     Faith    .   (no shield)
rNeg     + + +     Spirit   .   u - +0 plate armour
rPois    ∞         Reflect  +   c - +0 helmet
rElec    .         Harm     .   z - +2 cloak
rCorr    +         Rampage  .   (no gloves)
Will     .....                  (no boots)
Stlth    ..........             w - amulet of reflection
HPRegen  0.00/turn              h - ring of stealth
MPRegen  0.10/turn              i - ring of resist corrosion

@: confused
A: claws 1, cold resistance 1, negative energy resistance 3, inhibited
regeneration, torment resistance, unbreathing
a: no special abilities


You were in an ossuary.
You visited 1 branch of the dungeon, and saw 5 of its levels.
You also visited: Ossuary.

You collected 273 gold pieces.

Inventory:

Hand Weapons
 a - a +0 flail (weapon)
Missiles
 d - a throwing net (quivered)
Armour
 c - a +0 helmet (worn)
 u - a +0 plate armour (worn)
 z - a +2 cloak (worn)
Jewellery
 h - a ring of stealth (left claw)
 i - a ring of resist corrosion (right claw)
 k - an uncursed ring of flight
 s - an uncursed ring of ice
 w - an amulet of reflection (around neck)
 x - an uncursed amulet of faith
Wands
 B - a wand of enslavement (5)
Scrolls
 b - a scroll of magic mapping
 m - 2 scrolls of teleportation {unknown}
 o - 2 scrolls of remove curse
 p - 3 scrolls of fear
 r - a scroll of enchant armour {unknown}
 t - a scroll of fog {unknown}
 y - a scroll of enchant weapon {unknown}
 A - a scroll of noise {unknown}


   Skills:
 + Level 3.9 Fighting
 * Level 4.9 Maces & Flails
 - Level 1.7 Throwing
 + Level 2.3 Armour
 * Level 4.8 Dodging


You had 6 spell levels left.
You didn't know any spells.
Your spell library was empty.

Dungeon Overview and Level Annotations

Branches:
Dungeon (5/15)            Ossuary (1/1)
 Temple: D:4-7

Altars:


Innate Abilities, Weirdness & Mutations

You thrive by killing the living.
You are immune to poison.
You have sharp fingernails.
Your flesh is cold resistant. (rC+)
You are immune to negative energy. (rN+++)
You do not regenerate when monsters are visible.
You are immune to unholy pain and torment.
You can survive without breathing.


Message History

* * * LOW HITPOINT WARNING * * *
The mummy completely misses you.
You sock the hobgoblin zombie!
The hobgoblin zombie is almost destroyed.
The hobgoblin zombie hits you but does no damage.
You block the mummy's attack. The mummy hits you.
* * * LOW HITPOINT WARNING * * *
The mummy hits you but does no damage. The mummy hits you.
* * * LOW HITPOINT WARNING * * *
You are confused.
You feel invigorated.
The hobgoblin zombie hits you but does no damage.
The mummy closely misses you. The mummy hits you!
* * * LOW HITPOINT WARNING * * *
You thump the hobgoblin zombie!
You destroy the hobgoblin zombie!
The mummy hits you!
* * * LOW HITPOINT WARNING * * *
The mummy hits you!
You die...

..... ##..## ..
.....##....##..
................
..............
............
#..Z.....#
#MMM...# #@M..#
#....# #....#
#....# #....#
#....# #....#
#....# #.∩∩.#


You could see 4 mummies and a big kobold zombie.

Vanquished Creatures
  2 ogres (D:5)
  Crazy Yiuf (D:3)
  A gnoll shaman (D:5)
  Jessica (D:3)
  An iguana (D:5)
  2 worker ants (D:5)
  2 hound zombies
  Robin (D:4)
  A gnoll (D:4)
  10 adders
  An ooze (D:2)
  A worm (D:2)
  2 dart slugs
  3 leopard geckos
  An orc (D:3)
  2 ball pythons (D:2)
  3 giant cockroaches
  19 goblins
  8 hobgoblins
  3 jackals (D:1)
  3 quokkas
  6 bats
  6 frilled lizards
  2 gnoll zombies (Ossuary)
  A hobgoblin zombie (Ossuary)
  9 kobolds
  2 kobold zombies (Ossuary)
  2 orc zombies (Ossuary)
  11 rats
107 creatures vanquished.

Vanquished Creatures (others)
  A plant (D:4)
1 creature vanquished.

Grand Total: 108 creatures vanquished

Notes
Turn   | Place    | Note
-------+----------+-------------------------------------------
     0 | D:1      | Borgoz the Ghoul Gladiator began the quest for the Orb.
     0 | D:1      | Reached XP level 1. HP: 17/17 MP: 0/0
   314 | D:1      | Reached XP level 2. HP: 14/25 MP: 1/1
   579 | D:1      | You fall into a shaft and drop 1 floor!
   582 | D:2      | Reached XP level 3. HP: 30/30 MP: 2/2
   956 | D:2      | Reached XP level 4. HP: 27/37 MP: 3/3
  1064 | D:2      | Reached skill level 1 in Armour
  1711 | D:1      | Reached XP level 5. HP: 44/44 MP: 4/4
  2284 | D:3      | Found a faded altar of an unknown god.
  2807 | D:3      | Noticed Jessica
  2810 | D:3      | Killed Jessica
  2984 | D:3      | Found a runed translucent door.
  2985 | D:3      | Noticed Crazy Yiuf
  3143 | D:3      | Killed Crazy Yiuf
  3313 | D:4      | Reached XP level 6. HP: 51/51 MP: 5/5
  3343 | D:4      | Noticed Robin
  3351 | D:4      | Killed Robin
  3495 | D:5      | Entered Level 5 of the Dungeon
  3605 | D:5      | Reached XP level 7. HP: 35/58 MP: 6/6
  3651 | D:5      | HP: 1/58 [ogre/+0 giant club (23)]
  3693 | D:5      | Found a sand-covered staircase.
  3717 | Ossuary  | Entered an ossuary
  3938 | Ossuary  | HP: 1/58 [mummy (10)]
  3938 | Ossuary  | Mangled by a mummy

Illustrated notes

Levels and vault maps discovered:
D:1:      dpeg_arrival_chambers_temple_mockup, layout_basic
D:2:      layout_basic
D:3:      layout_loops_cross, chequers_ecumenical_altar_simple_redux,
          minivault_26, uniq_jessica, uniq_crazy_yiuf_cottage
D:4:      layout_basic, ebering_ghost_rock_garden, corexii_shack,
          evilmike_ruin_ashenzari, uniq_robin, uniq_menkaure, uniq_pikel
D:5:      layout_loops_corners, chequers_ossuary_entry_cave
Ossuary:  ossuary_tomb_3

Skill      XL: |  1  2  3  4  5  6 |
---------------+-------------------+-----
Maces & Flails | 3 4 |  4.9
Dodging        | 3 4 |  4.8
Armour         | 1 2 |  2.3
Fighting       | 3 |  3.9
Throwing       | |  1.7

Action                   |  1- 3 |  4- 6 |  7- 9 || total
-------------------------+-------+-------+-------++-------
Melee: Flail             |   101 |   273 |    50 ||   424
Throw: Throwing net      |       |     4 |     1 ||     5
  Use: Potion            |       |     3 |     4 ||     7
       Scroll            |       |    10 |       ||    10
 Stab: Sleeping          |     1 |     3 |       ||     4
       Held in net/web   |       |     4 |       ||     4
Armor: Leather armour    |    30 |    20 |       ||    50
       Plate armour      |       |   172 |    32 ||   204
Dodge: Dodged            |    98 |   135 |    18 ||   251
Block: Other             |       |    55 |    11 ||    66

Table legend: (Time is in decaauts)
 A = Elapsed time spent in this place.
 B = Non-inter-level travel time spent in this place.
 C = Inter-level travel time spent in this place.
 D = Time resting spent in this place.
 E = Time spent auto-exploring this place.
 F = Levels seen in this place.
 G = Mean time per level.
                   A        B        C        D        E       F      G
               +--------+--------+--------+--------+--------+-----+--------+
         Total |   4009 |   3738 |    271 |    534 |   2171 |   6 |  668.2 |
       Dungeon |   3784 |   3513 |    271 |    393 |   2167 |   5 |  756.8 |
       Ossuary |    225 |    225 |      0 |    141 |      4 |   1 |  225.0 |
               +--------+--------+--------+--------+--------+-----+--------+

Top non-repeatable levels by time:
     D:1: 1249 daAuts
     D:2: 1080 daAuts
     D:3: 1017 daAuts
     D:5: 231 daAuts
 Ossuary: 225 daAuts
     D:4: 205 daAuts
